 Dungeon Crawl Stone Soup version 0.29-a0-284-gf9362112df (webtiles) character file.

Game seed: 2261705513996848107

71 dolemite99 the Poker (level 4, -2/33 HPs)
             Began as a Merfolk Gladiator on Mar 31, 2022.
             Was a Believer of Makhleb.
             Slain by a gnoll
             ... wielding a +0 flail
              (11 damage)
             ... on level 2 of the Dungeon.
             The game lasted 00:01:30 (1315 turns).

dolemite99 the Poker (Merfolk Gladiator)            Turns: 1315, Time: 00:01:31

Health: -2/33      AC:  4    Str: 16    XL:     4   Next: 24%
Magic:  4/4        EV: 13    Int:  7    God:    Makhleb [**....]
Gold:   67         SH:  0    Dex: 15    Spells: 3/3 levels left

rFire   . . .      SeeInvis .   a - +0 trident
rCold   . . .      Faith    .   (no shield)
rNeg    . . .      Spirit   .   b - +0 leather armour
rPois   .          Reflect  .   c - +0 helmet
rElec   .          Harm     .   (no cloak)
rCorr   .          Rampage  .   (no gloves)
Will    .....                   (no boots)
Stlth   +.........              (no amulet)
HPRegen 0.11/turn               (no ring)
MPRegen 0.09/turn               (no ring)

@: no status effects
A: (nimble swimmer 2), mertail
a: Renounce Religion, Minor Destruction


You were on level 2 of the Dungeon.
You worshipped Makhleb.
Makhleb was pleased with you.
You visited 1 branch of the dungeon, and saw 2 of its levels.

You collected 67 gold pieces.

Inventory:

Hand Weapons
 a - a +0 trident (weapon)
Missiles
 d - 3 throwing nets (quivered)
 e - a javelin
 j - 6 poisoned darts
 o - 41 stones
Armour
 b - a +0 leather armour (worn)
 c - a +0 helmet (worn)
Magical Staves
 m - a staff of conjuration
Scrolls
 f - 2 scrolls of identify {unknown}
 i - a scroll of magic mapping {unknown}
 k - a scroll of teleportation {unknown}
 l - a scroll of holy word {unknown}
Potions
 g - 3 potions of curing {unknown}
 h - 2 potions of attraction {unknown}
 n - a potion of resistance {unknown}
 p - a potion of haste {unknown}


   Skills:
 - Level 2.1 Fighting
 + Level 6.6 Polearms
 - Level 2.0 Throwing
 - Level 4.0 Dodging


You had 3 spell levels left.
You didn't know any spells.
Your spell library was empty.

Dungeon Overview and Level Annotations

Branches:
Dungeon (2/15)

Altars:
Makhleb


Innate Abilities, Weirdness & Mutations

((You are very nimble when in or above water. (Stealth+, EV+, Speed+++)))
Your lower body shifts to a powerful aquatic tail in water.


Message History

Things that are here:
a +0 club; 3 datura-tipped darts; a jackal corpse A giant cockroach comes into view.
Found a tower shield.
A gnoll comes into view. It is wielding a +0 spear.
The gnoll shouts!
You hear a shout!
The giant cockroach misses you.
You puncture the giant cockroach!
You kill the giant cockroach!
Makhleb accepts your kill.
A gnoll comes into view. It is wielding a +0 halberd.
A gnoll comes into view. It is wielding a +0 flail.
The gnoll shouts!
You hear a shout!
A gnoll comes into view. It is wielding a +0 flail.
A quokka comes into view.
The gnoll barely misses you.
You reach to attack!
You puncture the gnoll!
The gnoll is heavily wounded.
The gnoll barely misses you.
You reach to attack!
You puncture the gnoll!
You kill the gnoll!
Makhleb accepts your kill.
You puncture the quokka!
You kill the quokka!
Makhleb accepts your kill. The gnoll barely misses you.
You puncture the gnoll!
The gnoll is almost dead.
The gnoll hits you from afar with a +0 halberd.
The gnoll hits you with a +0 flail.
You hit the gnoll but do no damage.
The gnoll is almost dead.
The gnoll hits you from afar with a +0 halberd.
The gnoll barely misses you.
You hit the gnoll.
The gnoll is almost dead.
The gnoll hits you from afar with a +0 halberd!
* * * LOW HITPOINT WARNING * * *
The gnoll misses you. The gnoll hits you with a +0 flail!
You die...

... #. ..## #. ##..#
###...# # .#....##.#
#... #.#.[....# #..#
#.##..# #..#
##.##..####.#.#
#..####......@gg.....
#..##....##...g......
###
#..##.#.####..###...#
#.. ####..##.#.# #..#
... ...# ...........#
#..# #
####..#...........
####).............#
.........#.######.#
#####.##.#.#


You could see 3 gnolls.

Vanquished Creatures
  A gnoll (D:2)
  2 dart slugs
  4 endoplasms
  3 giant cockroaches
  4 goblins
  7 hobgoblins
  7 jackals
  5 quokkas
  3 ball pythons
  A bat (D:2)
  2 frilled lizards (D:2)
  5 kobolds
  5 rats
49 creatures vanquished.

Notes
Turn   | Place    | Note
-------+----------+-------------------------------------------
     0 | D:1      | dolemite99 the Merfolk Gladiator began the quest for the
                  | Orb.
     0 | D:1      | Reached XP level 1. HP: 16/16 MP: 1/1
   273 | D:1      | Reached XP level 2. HP: 18/22 MP: 2/2
   365 | D:1      | Reached skill level 5 in Polearms
   395 | D:1      | Found a faded altar of an unknown god.
   404 | D:1      | Prayed at the altar of an unknown god.
   404 | D:1      | Became a worshipper of Makhleb the Destroyer
   404 | D:1      | Reached * piety under Makhleb
   684 | D:1      | Reached XP level 3. HP: 27/27 MP: 3/3
  1115 | D:2      | Reached skill level 6 in Polearms
  1228 | D:2      | Reached ** piety under Makhleb
  1246 | D:2      | Reached XP level 4. HP: 28/33 MP: 4/4
  1315 | D:2      | Slain by a gnoll

Illustrated notes

Levels and vault maps discovered:
D:1:      lightli_arrival_windingriver, layout_rooms, serial_glass,
          glass_columns_a, glass_columns_b, glass_columns_b, glass_columns_b,
          glass_columns_a, item_on_display_a, minmay_strange_pillars,
          ebering_ecumenical_altar_webs
D:2:      layout_loops_ring

Skill      XL: |  1  2  3 |
---------------+----------+-----
Polearms       | 5 6 |  6.6
Fighting       | |  2.1
Throwing       | |  2.0
Dodging        | |  4.0

Action                   |  1- 3 |  4- 6 || total
-------------------------+-------+-------++-------
Melee: Trident           |   139 |     7 ||   146
       Punch             |     2 |       ||     2
 Stab: Distracted        |     1 |       ||     1
Armor: Leather armour    |    43 |       ||    43
Dodge: Dodged            |    81 |     6 ||    87

Table legend: (Time is in decaauts)
 A = Elapsed time spent in this place.
 B = Non-inter-level travel time spent in this place.
 C = Inter-level travel time spent in this place.
 D = Time resting spent in this place.
 E = Time spent auto-exploring this place.
 F = Levels seen in this place.
 G = Mean time per level.
                   A        B        C        D        E       F      G
               +--------+--------+--------+--------+--------+-----+--------+
         Total |   1314 |   1309 |      5 |    272 |    666 |   2 |  657.0 |
       Dungeon |   1314 |   1309 |      5 |    272 |    666 |   2 |  657.0 |
               +--------+--------+--------+--------+--------+-----+--------+

Top non-repeatable levels by time:
     D:1: 891 daAuts
     D:2: 422 daAuts
